 Dungeon Crawl Stone Soup version 0.29-a0-541-gaf1fc19f1b (webtiles) character file.

Game seed: 15506163888198178001

7 rabbitsville the Skirmisher (level 1, 0/19 HPs)
             Began as a Palentonga Abyssal Knight on June 2, 2022.
             Was a Believer of Lugonu.
             Slain by an adder (1 damage)
             ... on level 2 of the Dungeon.
             The game lasted 00:02:48 (313 turns).

rabbitsville the Skirmisher (PaAK)                   Turns: 313, Time: 00:02:49

Health: 0/19       AC:  4    Str: 14      XL:     1   Next: 91%
Magic:  1/2        EV:  9    Int:  8 (10) God:    Lugonu [**....]
Gold:   21         SH:  0    Dex: 10      Spells: 0/0 levels left

rFire   . . .      SeeInvis +   a - +1 falchion
rCold   . . .      Faith    .   (no shield)
rNeg    . . .      Spirit   .   b - +0 leather armour
rPois   .          Reflect  .   (no helmet)
rElec   .          Harm     .   (no cloak)
rCorr   .          Rampage  .   (no gloves)
Will    .....                   (no barding)
Stlth   +.........              (no amulet)
HPRegen 0.06/turn               (no ring)
MPRegen 0.08/turn               (no ring)

@: no status effects
A: large, rugged brown scales 3, see invisible, deformed body, roll 1, armoured
tail, weak 1
a: Rolling Charge, Renounce Religion, Depart the Abyss, Bend Space


You were on level 2 of the Dungeon.
You worshipped Lugonu.
Lugonu was pleased with you.
You visited 1 branch of the dungeon, and saw 2 of its levels.
You visited the Abyss 1 time.

You collected 21 gold pieces.

Inventory:

Hand Weapons
 a - a +1 falchion (weapon)
Armour
 b - a +0 leather armour (worn)


   Skills:
 - Level 3.0 Fighting
 * Level 2.5 Long Blades
 - Level 1.5 Armour
 - Level 0.7 Dodging
 + Level 2.2 Invocations


You couldn't memorise any spells.
You didn't know any spells.
Your spell library was empty.

Dungeon Overview and Level Annotations

Branches:
Dungeon (2/15)

Altars:


Innate Abilities, Weirdness & Mutations

You are completely covered in rugged brown scales. (AC +3, +7% HP)
You have supernaturally acute eyesight. (SInv)
Armour fits poorly on your strangely shaped body.
You can roll at nearby foes to attack.
You have a long armoured tail.
You are weak. (Str -2)


Message History

You slash the kobold!
You kill the kobold!
Lugonu accepts your kill.
Items here: )) ††.
You open the door.
An endoplasm comes into view.
There is an open door here.
You roll forward with a clatter of scales!
Found a scroll labelled CUGUGI KAZI and a chain mail.
You hit the dart slug.
The dart slug is moderately wounded.
The dart slug launches a dart at you. The slug dart hits you.
A goblin comes into view. It is wielding a +0 club.
The endoplasm freezes you.
You are frozen.
The goblin shouts!
You hit the dart slug but do no damage.
The dart slug is moderately wounded.
The endoplasm hits you. The dart slug bites you.
You hit the dart slug.
The dart slug is heavily wounded.
The endoplasm freezes you.
You are frozen.
* * * LOW HITPOINT WARNING * * *
The dart slug closely misses you. Space bends violently around you!
You blink.
Found 2 scrolls labelled NYTAOG NENIBLONN and 6 gold pieces.
Found a stone staircase leading down.
You see here 2 scrolls labelled NYTAOG NENIBLONN.
There is a stone staircase leading down here.
You climb downwards.
Found 8 gold pieces.
There is a stone staircase leading up here.
Space bends violently around you!
You blink.
You open the door. The adder barely misses you.
Found a stone staircase leading up and a stone staircase leading down.
There is an open door here.
The adder bites you.
You die...

#####
###+###.....
#....>...##
#.........###
#...S@..<....
####'###+#....
#......# .
+...w..#
#......#
#......##
#<.......
#......##
#........


You could see an adder.

Vanquished Creatures
  3 giant cockroaches (D:1)
  2 kobolds (D:1)
  A rat (D:1)
6 creatures vanquished.

Notes
Turn   | Place    | Note
-------+----------+-------------------------------------------
     0 | Abyss:1  | rabbitsville the Palentonga Abyssal Knight began the quest
                  | for the Orb.
     0 | Abyss:1  | Reached XP level 1. HP: 19/19 MP: 2/2
    62 | Abyss:1  | Noticed an orange demon
    92 | Abyss:1  | Noticed an ice devil
    93 | Abyss:1  | Noticed a neqoxec
    94 | Abyss:1  | Gained mutation: You are weak. (Str -2) [a neqoxec]
   131 | Abyss:1  | Noticed a large abomination
   132 | Abyss:1  | Noticed a ynoxinul
   145 | D:1      | Escaped the Abyss
   277 | D:1      | Reached ** piety under Lugonu
   313 | D:2      | Slain by an adder

Illustrated notes

Levels and vault maps discovered:
D:1:      tarquinn_simple_flora_water_c, layout_basic
D:2:      layout_basic, basic_altar, shapermc_ecumenical_altar_ellora

Action                   || total
-------------------------++-------
Melee: Falchion          ||    26
Invok: Bend Space        ||     2
       Depart the Abyss  ||     1
 Abil: Rolling Charge    ||     2
Armor: Leather armour    ||    13
Dodge: Dodged            ||    19

Table legend: (Time is in decaauts)
 A = Elapsed time spent in this place.
 B = Non-inter-level travel time spent in this place.
 C = Inter-level travel time spent in this place.
 D = Time resting spent in this place.
 E = Time spent auto-exploring this place.
 F = Levels seen in this place.
 G = Mean time per level.
                   A        B        C        D        E       F      G
               +--------+--------+--------+--------+--------+-----+--------+
         Total |    321 |    321 |      0 |      0 |    125 |   3 |  107.0 |
       Dungeon |    176 |    176 |      0 |      0 |     83 |   2 |   88.0 |
         Abyss |    145 |    145 |      0 |      0 |     42 |   1 |  145.0 |
               +--------+--------+--------+--------+--------+-----+--------+

Top non-repeatable levels by time:
     D:1: 170 daAuts
 Abyss:1: 145 daAuts
     D:2: 6 daAuts
